 Dungeon Crawl Stone Soup version 0.17.0-19-gb37c632 (console) character file.

2162 Kramin the Cudgeler (level 8, -1/103 HPs)
             Began as a Demigod Hunter on Nov 12, 2015.
             Shot with a bolt by an orc warrior (4 damage)
             ... in a bailey.
             The game lasted 00:26:45 (9434 turns).

Kramin the Cudgeler (Demigod Hunter)                Turns: 9434, Time: 00:26:45

Health: -1/103     AC: 24    Str: 15    XL:     8   Next: 85%
Magic:  10/11      EV:  2    Int: 15    God:
Gold:   276        SH:  0    Dex: 22    Spells: 0 memorised, 7 levels left

rFire  . . .     SeeInvis +     a - +2 whip (freeze)
rCold  . . .     Clarity  .     (armour currently unavailable)
rNeg   + + +     SustAt   +     (no shield)
rPois  +         Gourm    .     (helmet currently unavailable)
rElec  .         Spirit   .     (cloak currently unavailable)
rCorr  .         Warding  .     (gloves currently unavailable)
rMut   .         NoTele   +     (boots currently unavailable)
MR     .....                    (no amulet)
Stlth  ++........               (no ring)
                                n - ring of see invisible

@: tree-form, not resistant to hostile enchantments, unstealthy
A: (talons 0), agile 1, high mp 2, sustain attributes
a: no special abilities


You were in a bailey.
You were not hungry.
You were a tree.
You visited 1 branch of the dungeon, and saw 7 of its levels.
You also visited: Sewer and Bailey.

You collected 276 gold pieces.

Inventory:

Hand Weapons
 a - a +2 whip of freezing (weapon)
 b - a +0 blowgun
 s - a +0 morningstar
Missiles
 o - 2 throwing nets (quivered)
 r - 21 poisoned needles
Armour
 i - a +0 cloak (melded)
 p - a +0 helmet (melded)
 t - a +0 chain mail (melded)
Jewellery
 n - a ring of see invisible (left branch)
Wands
 q - a wand of flame (27)
Scrolls
 c - a scroll of amnesia
 f - 3 scrolls of blinking {unknown}
 g - a scroll of recharging
 h - 3 scrolls of fear {unknown}
 j - 3 scrolls of teleportation
 l - 4 scrolls of fog {unknown}
 m - a scroll of remove curse
 u - a scroll of enchant armour {unknown}
 v - 2 scrolls of immolation {unknown}
 w - a scroll of magic mapping
 y - a scroll of noise {unknown}
Potions
 z - 2 potions of magic
 A - 2 potions of haste
Comestibles
 e - 5 bread rations
 k - 4 meat rations
 D - 2 beef jerkies


   Skills:
 + Level 5.5 Fighting
   Level 3.7 Short Blades
 * Level 7.2 Maces & Flails
 - Level 3.6 Throwing
 + Level 5.1 Dodging
 - Level 0.8 Stealth


You had 7 spell levels left.
You didn't know any spells.

Dungeon Overview and Level Annotations

Branches:
Dungeon (7/15)             Temple (0/1) D:5

Annotations:
D:6 Kloppie's ghost, novice FoFE


Innate Abilities, Weirdness & Mutations

You have a considerably increased reservoir of magic (+20% MP).
Your attributes are resistant to harm.
((You have sharp toenails.))
You are agile. (Dex +2)


Message History

The orc warrior is heavily wounded.
Throwing (i - inventory. (,) - cycle):
d - a javelin (quivered)
Press: ? - help, Shift-Dir - straight line, f/p - orc warrior
Aim: an orc warrior, wielding an arbalest and wearing a glowing scale mail (heavily wounded)
You throw a javelin.
The javelin closely misses the orc warrior.
The orc warrior shoots a bolt.
The bolt hits you but does no damage.
Throwing (i - inventory):
o - 2 throwing nets (quivered)
Press: ? - help, Shift-Dir - straight line, f/p - orc warrior
Aim: an orc warrior, wielding an arbalest and wearing a glowing scale mail (heavily wounded)
Okay, then.
Unknown command.
Unknown command.
The orc warrior shoots a bolt.
The bolt hits you!
* * * LOW HITPOINT WARNING * * *
Drink which item? (? for menu, Esc to quit)
It was a potion of mutation.
You feel extremely strange.
You feel agile.
Your toenails lengthen and sharpen.
You feel more energetic.
The orc warrior shoots a bolt.
The bolt hits you.
You die...

#......≈..^..≈.......
#.....(≈##.##≈.......
#....((≈≈#.#≈≈....###
#....o..≈≈≈≈≈.....#
#.................#
#.........(.......#
#.............##..#
#.............##.##
#...♣(........# .+
#..).....(....# .#
#..(..)((.....#
#.............##
#....(.........#
#....(....)....##
#...............##
#.......≈≈≈≈≈....####
#......≈≈#.#≈≈......#


You could see an orc warrior.

Vanquished Creatures
  The ghost of R33an1 the Poker, an amateur MiBe of Trog (D:4)
  Menkaure (D:4)
  An orc warrior (Bailey)
  4 sky beasts
  2 centaurs
  The ghost of Ohli the Skirmisher, an amateur OpBe of Trog (D:3)
  An ogre (D:6)
  3 hounds
  A crimson imp (D:7)
  A giant frog zombie (D:5)
  5 orc priests
  A giant frog skeleton (D:3)
  8 orc wizards
  Terence (D:2)
  A killer bee zombie (D:5)
  A worker ant (D:6)
  3 gnolls (D:5)
  Robin (D:2)
  13 adders
  2 oozes
  An adder skeleton (D:6)
  2 worms (D:2)
  13 giant geckos
  28 orcs
  4 ball pythons
  A giant cockroach (D:5)
  13 goblins
  12 hobgoblins
  4 jackals
  3 quokkas
  10 bats
  A giant gecko zombie (D:5)
  11 giant newts
  8 kobolds
  19 rats
182 creatures vanquished.

Notes
Turn   | Place    | Note
--------------------------------------------------------------
     0 | D:1      | Kramin the Demigod Hunter began the quest for the Orb.
     0 | D:1      | Reached XP level 1. HP: 17/17 MP: 3/3
     3 | D:1      | Noticed an electric eel
     3 | D:1      | Noticed an electric eel
   136 | D:1      | Reached skill level 1 in Short Blades
   461 | D:1      | Reached XP level 2. HP: 24/24 MP: 4/4
   946 | D:2      | Found a faded altar to an unknown god.
   997 | D:2      | Reached XP level 3. HP: 24/29 MP: 5/5
  1677 | D:2      | Found a glowing golden altar of the Shining One.
  1786 | D:2      | Noticed Terence
  1809 | D:2      | Killed Terence
  1809 | D:2      | Reached XP level 4. HP: 9/36 MP: 6/6
  2484 | D:3      | Reached skill level 1 in Maces & Flails
  2531 | D:3      | Noticed Robin
  2569 | D:2      | Killed Robin
  2876 | D:3      | Noticed Ohli's ghost (amateur OpBe)
  2880 | D:3      | Reached XP level 5. HP: 25/41 MP: 7/7
  3033 | D:3      | Killed Ohli's ghost
  3571 | D:3      | Reached XP level 6. HP: 15/50 MP: 8/8
  3593 | D:3      | HP: 2/50 [poisoned by a kobold]
  3598 | D:3      | HP: 2/50 [poisoned by a kobold]
  3604 | D:3      | HP: 1/50 [poisoned by a kobold]
  3610 | D:3      | HP: 1/50 [poisoned by a kobold]
  3616 | D:3      | HP: 1/50 [poisoned by a kobold]
  4498 | D:3      | Found a sparkling altar of Nemelex Xobeh.
  4831 | D:4      | Found a glowing drain.
  4836 | Sewer    | Entered a sewer
  5376 | D:4      | Noticed Menkaure
  5649 | D:4      | Killed Menkaure
  5649 | D:4      | Reached skill level 4 in Maces & Flails
  5649 | D:4      | Reached XP level 7. HP: 57/57 MP: 9/9
  6168 | D:4      | Noticed R33an1's ghost (amateur MiBe)
  6285 | D:4      | Killed R33an1's ghost
  6285 | D:4      | Reached skill level 5 in Maces & Flails
  7040 | D:5      | Entered Level 5 of the Dungeon
  7080 | D:5      | Reached XP level 8. HP: 62/67 MP: 10/10
  7455 | D:5      | Found a staircase to the Ecumenical Temple.
  7618 | D:5      | Found a burning altar of Makhleb.
  7674 | D:5      | Reached skill level 6 in Maces & Flails
  8486 | D:6      | Reached skill level 5 in Fighting
  8834 | D:6      | Noticed Kloppie's ghost (novice FoFE)
  8903 | D:7      | Reached skill level 5 in Dodging
  8930 | D:7      | Found a flagged portal.
  8944 | D:7      | Reached skill level 7 in Maces & Flails
  8954 | Bailey   | Entered a bailey
  9433 | Bailey   | HP: 3/103 [orc warrior/bolt (17)]
  9434 | Bailey   | Gained mutation: You are agile. (Dex +2) [potion of mutation]
  9434 | Bailey   | Gained mutation: You have sharp toenails. [potion of mutation]
  9434 | Bailey   | Gained mutation: You have a considerably increased reservoir of magic (+20% MP). [potion of mutation]
  9434 | Bailey   | Shot with a bolt by an orc warrior

Action                   |  1- 3 |  4- 6 |  7- 9 || total
-------------------------+-------+-------+-------++-------
Melee: Short sword       |   179 |    24 |       ||   203
       Whip              |       |   360 |   277 ||   637
       Mace              |       |       |   105 ||   105
       Morningstar       |       |       |     5 ||     5
Throw: Javelin           |     3 |     7 |    16 ||    26
       Throwing net      |       |       |     1 ||     1
  Use: Potion            |       |     3 |     4 ||     7
       Scroll            |       |     6 |     4 ||    10
 Stab: Sleeping          |     1 |       |       ||     1
       Held in net/web   |       |       |     1 ||     1
  Eat: Chunk             |     3 |     9 |     8 ||    20
       Bread ration      |       |     1 |     1 ||     2
